 Dungeon Crawl Stone Soup version 0.31.0-11-ge490571c62 (webtiles) character file.

Game seed: 590605580311905674

43 Gadfly the Ruffian (level 3, -3/26 HPs)
             Began as a Demonspawn Shapeshifter on Jan 26, 2024.
             Succumbed to Sigmund's poison
             ... on level 2 of the Dungeon.
             The game lasted 00:01:14 (358 turns).

Gadfly the Ruffian (Demonspawn Shapeshifter)         Turns: 358, Time: 00:01:15

Health: -3/26      AC:  2    Str: 16    XL:     3   Next: 37%
Magic:  3/3        EV: 12    Int: 10    God:
Gold:   0          SH:  0    Dex: 12    Spells: 2/2 levels left

rFire   . .          .
                       - Unarmed
rCold   . . .        (no shield)
rNeg    . . .        a - +0 animal skin
rPois   .            (helmet currently unavailable)
rElec   .            (cloak currently unavailable)
rCorr   .            (gloves currently unavailable)
SInv    .            (boots currently unavailable)
Will    .....        (no amulet)
Stlth   +            (no ring)
HPRegen 0.24/turn    (no ring)
MPRegen 0.08/turn

%: no passive effects
@: lethally poisoned (-3 -> -23), beast-form
A: beast (slay +1), demonic guardian 1, demonic magic 1
a: Begin Untransformation


You were on level 2 of the Dungeon.
You were a hulking beast.
You visited 1 branch of the dungeon, and saw 2 of its levels.

Inventory:

Armour
 a - a +0 animal skin (worn)
Talismans
 c - a beast talisman
 d - a flux talisman


   Skills:
 + Level 1.5 Fighting
 * Level 2.3 Dodging
 + Level 2.9 Unarmed Combat
 * Level 1.4 Evocations
 + Level 2.8 Shapeshifting


You had 2 spell levels left.
You didn't know any spells.
Your spell library was empty.

Dungeon Overview and Level Annotations

Branches:
Dungeon (1/15)

Altars:

Annotations:
D:2 Sigmund


Innate Abilities, Weirdness & Mutations

You are a hulking beast.
Your limbs bulge with bestial killing power. (Slay +1)
A weak demonic guardian rushes to your aid.
Spells you cast may paralyse adjacent enemies.


Message History

The giant cockroach is severely wounded.
Something hits you!
You are lethally poisoned!
The giant cockroach barely misses you.
You are too injured to fight recklessly!
* * * LOW HITPOINT WARNING * * *
You feel very sick.
It was a potion of heal wounds.
You feel much better.
You feel sick. The giant cockroach barely misses you. Something hits you.
You are lethally poisoned!
It was a potion of curing.
You feel better. The giant cockroach closely misses you.
You barely miss the giant cockroach. Your punch misses the giant cockroach.
The giant cockroach is severely wounded.
The giant cockroach barely misses you. Something completely misses you.
The giant cockroach bites you but does no damage.
You barely miss the giant cockroach.
The giant cockroach is severely wounded.
Something hits you.
You are poisoned.
The giant cockroach bites you.
You hit the giant cockroach.
The giant cockroach is almost dead.
You feel sick. The giant cockroach bites you.
You barely miss the giant cockroach.
The giant cockroach is almost dead.
You feel sick. Something hits you!
* * * LOW HITPOINT WARNING * * *
You are lethally poisoned!
The giant cockroach closely misses you.
You punch the giant cockroach!
You kill the giant cockroach!
* * * LOW HITPOINT WARNING * * *
You feel very sick. Something hits you.
* * * LOW HITPOINT WARNING * * *
You are more poisoned.
You aren't carrying any potions.
Okay, then.
You die...

#+# #.# #.# ## ### #.#
.. ..# ##.# .# # #.#
..####.### #.###.#
#........ . .
#.....#####.####.##...#
####......#h#........@.
#.####.#.#.##....#.#
#....#.#............
####.#.###.........#
#.#.#.........###
#######)#...........#
#.......[......####.#
#.#####.###.....# .#
#.# #.##..#


There were no monsters in sight!

Vanquished Creatures
  3 gnolls (D:2)
  A dart slug (D:1)
  A giant cockroach (D:2)
  2 hobgoblins (D:1)
  A quokka (D:1)
  2 bats
  3 kobolds (D:1)
  2 rats (D:1)
15 creatures vanquished.

Notes
Turn   | Place    | Note
-------+----------+-------------------------------------------
     0 | D:1      | Gadfly the Demonspawn Shapeshifter began the quest for the
                  | Orb.
     0 | D:1      | Reached XP level 1. HP: 15/15 MP: 1/1
   129 | D:1      | Gained mutation: Spells you cast may paralyse adjacent
                  | enemies. [demonic ancestry]
   129 | D:1      | Reached XP level 2. HP: 8/21 MP: 2/2
   207 | D:1      | You fall into a shaft and drop 1 floor!
   229 | D:2      | Reached skill level 1 in Evocations
   231 | D:2      | Gained mutation: A weak demonic guardian rushes to your
                  | aid. [demonic ancestry]
   231 | D:2      | Reached XP level 3. HP: 13/26 MP: 3/3
   324 | D:2      | Noticed Sigmund
   357 | D:2      | HP: 1/26 [something (3)]
   358 | D:2      | Succumbed to Sigmund's poison

Illustrated notes

Levels and vault maps discovered:
D:1:      dpeg_arrival_central, layout_rooms, minmay_tromino_i4
D:2:      layout_basic, serial_shops, nicolae_square_shop, uniq_sigmund,
          uniq_crazy_yiuf_cottage, uniq_natasha

Skill      XL: |  1  2 |
---------------+-------+-----
Dodging        | 2 |  2.3
Evocations     | 1 |  1.4
Fighting       | |  1.5
Unarmed Combat | |  2.9
Shapeshifting  | |  2.8

Action                     || total
---------------------------++-------
  Melee: Unarmed           ||    50
    Use: Potion            ||     3
         Scroll            ||     1
 Armour: Animal skin       ||    27
         Skin              ||     7
  Dodge: Dodged            ||    33
